 Dungeon Sprint DCSS version 0.18-a0-1788-g92de1ac (webtiles) character file.

198 Kidiri the Covered (level 5, 33/37 HPs)
             Began as a Gargoyle Fighter on Apr 19, 2016.
             Was an Initiate of Okawaru.
             Starved to death
             ... in the Dungeon (Sprint IX: "|||||||||||||||||||||||||||||").
             The game lasted 00:02:07 (285 turns).

Kidiri the Covered (Gargoyle Fighter)                Turns: 285, Time: 00:02:08

Health: 33/37      AC: 19    Str: 26    XL:     5   Next: 77%
Magic:  4/6        EV:  6    Int:  9    God:    Okawaru [......]
Gold:   0          SH: 10    Dex:  9    Spells: 0 memorised, 4 levels left

rFire  . . .     SeeInvis .     a - +0 flail
rCold  . . .     Gourm    .     s - +0 plate armour
rNeg   + . .     Faith    .     c - +0 shield
rPois  ∞         Spirit   .     (no helmet)
rElec  +         Dismiss  .     q - +0 cloak
rCorr  .         Reflect  .     (no gloves)
SustAt .         Harm     .     r - +0 pair of boots
MR     .....     NoTele   +     (no amulet)
Stlth  ..........               u - +3 ring of strength
                                t - +3 ring of strength

@: fainting, not resistant to hostile enchantments, extremely unstealthy
A: negative energy resistance 1, electricity resistance, unbreathing,
petrification resistance, rot immunity, AC +4
a: Renounce Religion


You were in the Dungeon.
You worshipped Okawaru.
Okawaru was noncommittal.
You were fainting.

You visited 1 branch

Inventory:

Hand Weapons
 a - a +0 flail (weapon)
Armour
 b - a +0 scale mail
 c - a +0 shield (worn)
 q - a +0 cloak (worn)
 r - a +0 pair of boots (worn)
 s - a +0 plate armour (worn)
Jewellery
 t - a +3 ring of strength (left hand)
 u - a +3 ring of strength (right hand)
Wands
 p - a wand of acid (6/15)
Scrolls
 k - 2 scrolls of blinking
 n - 3 scrolls of remove curse
 o - 2 scrolls of amnesia
Potions
 d - a potion of might
 e - 5 potions of curing
 g - 2 potions of heal wounds
 h - a potion of haste
 i - 4 potions of magic
 j - a potion of berserk rage
 m - a potion of invisibility


   Skills:
 * Level 6.3 Fighting
 * Level 4.7 Maces & Flails
 + Level 1.6 Throwing
 * Level 6.4 Armour
 * Level 4.0 Dodging
 * Level 6.3 Shields
 + Level 2.1 Invocations


You had 4 spell levels left.
You didn't know any spells.

Dungeon Overview and Level Annotations

Branches:
Dungeon (1/1)

Altars:
Cheibriados
Dithmenos
Elyvilon
Fedhas
Gozag
Kikubaaqudgha
Makhleb
Nemelex Xobeh
Okawaru
Pakellas
Qazlal
Ru
Sif Muna
Trog
Vehumet
Xom
Yredelemnul
Zin
The Shining One
Beogh
Jiyva
Lugonu


Innate Abilities, Weirdness & Mutations

You are resistant to torment.
Your stone body is resilient (AC +4).
You are immune to poison.
You resist negative energy.
You are resistant to electric shocks.
You can survive without breathing.
You are immune to petrification.
You are immune to rotting.


Message History

Drink which item? (? for menu, Esc to quit)
You feel much better.
The hill giant hits you but does no damage.
You aren't carrying any food.
You hit the hill giant.
The hill giant is lightly wounded.
The crimson imp blinks!
You block the hill giant's attack.
The crimson imp blinks!
You hit the hill giant.
The hill giant is lightly wounded.
You block the hill giant's attack.
You hit the hill giant.
The hill giant is lightly wounded.
You block the hill giant's attack.
Your plate armour prevents you from hitting the hill giant.
The hill giant is lightly wounded.
Your shield and plate armour prevent you from hitting the hill giant.
The hill giant is lightly wounded.
You have starved to death.
You die... ▓▓▓▓▓▓▓▓▓▓▓▓▓▓▓▓▓▓▓▓▓▓▓▓ _______'..|)....@CSa5... ▓▓▓▓▓▓▓▓▓▓▓▓▓▓▓▓▓▓▓▓▓▓▓▓

You could see a hill giant, a worker ant, a crimson imp and an adder.

Vanquished Creatures
  A hungry ghost (D)
  A howler monkey (D)
  A worker ant (D)
  A shadow imp (D)
  A bat zombie (D)
  A goblin (D)
  A hobgoblin (D)
  A ball python skeleton (D)
  A giant gecko zombie (D)
  2 giant newts (D)
  A rat (D)
12 creatures vanquished.

Notes
Turn   | Place    | Note
--------------------------------------------------------------
     0 | D        | Kidiri the Gargoyle Fighter began the quest for the Orb.
     0 | D        | Reached XP level 1. HP: 14/14 MP: 1/1
     8 | D        | Reached skill level 1 in Dodging
    31 | D        | Noticed a worker ant
    31 | D        | Noticed a howler monkey
    41 | D        | Killed a worker ant
    41 | D        | Reached XP level 2. HP: 20/20 MP: 2/2
    41 | D        | Reached XP level 3. HP: 24/24 MP: 3/3
    55 | D        | Reached skill level 5 in Fighting
    55 | D        | Reached skill level 5 in Armour
    55 | D        | Reached skill level 5 in Shields
    55 | D        | Reached XP level 4. HP: 31/31 MP: 4/4
    74 | D        | Found a glowing silver altar of Zin.
    74 | D        | Found a glowing golden altar of the Shining One.
    74 | D        | Found an ancient bone altar of Kikubaaqudgha.
    74 | D        | Found a basalt altar of Yredelemnul.
    74 | D        | Found a shimmering altar of Xom.
    74 | D        | Found a radiant altar of Vehumet.
    75 | D        | Found an iron altar of Okawaru.
    76 | D        | Found a burning altar of Makhleb.
    77 | D        | Found a deep blue altar of Sif Muna.
    78 | D        | Found a bloodstained altar of Trog.
    79 | D        | Found a sparkling altar of Nemelex Xobeh.
    80 | D        | Found a white marble altar of Elyvilon.
    81 | D        | Found a roughly hewn altar of Beogh.
    82 | D        | Found a viscous altar of Jiyva.
    83 | D        | Became a worshipper of Warmaster Okawaru
    84 | D        | Found a corrupted altar of Lugonu.
    85 | D        | Found a blossoming altar of Fedhas.
    86 | D        | Found a snail-covered altar of Cheibriados.
    87 | D        | Found a shadowy altar of Dithmenos.
    88 | D        | Found a stormy altar of Qazlal.
    89 | D        | Found an opulent altar of Gozag.
    90 | D        | Found a sacrificial altar of Ru.
    91 | D        | Found an oddly glowing altar of Pakellas.
   240 | D        | Noticed a hungry ghost
   240 | D        | Noticed a hill giant
   278 | D        | Killed a hungry ghost
   278 | D        | Reached skill level 1 in Throwing
   278 | D        | Reached XP level 5. HP: 32/37 MP: 4/6
   285 | D        | Starved to death

Vault maps used:
D:        linesprint

Skill      XL: |  1  2  3  4 |
---------------+-------------+-----
Dodging        | 2 4 |  4.0
Fighting       | 4 5 6 |  6.3
Armour         | 4 5 6 |  6.4
Shields        | 4 5 6 |  6.3
Maces & Flails | 3 4 |  4.7
Throwing       | 1 |  1.6
Invocations    | 2 |  2.1

Action                   |  1- 3 |  4- 6 || total
-------------------------+-------+-------++-------
Melee: Flail             |    42 |    47 ||    89
Evoke: Wand              |       |     1 ||     1
  Use: Potion            |       |     1 ||     1
  Eat: Bread ration      |       |     1 ||     1
       Chunk             |       |     1 ||     1
Armor: Scale mail        |    29 |     5 ||    34
       Plate armour      |       |    21 ||    21
Dodge: Dodged            |    16 |    11 ||    27
Block: Shield            |    24 |    22 ||    46
